 Dungeon Crawl Stone Soup version 0.29-a0-322-g68df515428 (webtiles) character file.

Game seed: 13759492562021658218

1703 kae the Firebug (level 9, 0/52 HPs)
             Began as a Tengu Fire Elementalist on Apr 7, 2022.
             Was an Initiate of Sif Muna.
             Slain by a centaur
             ... wielding a +0 mace
              (2 damage)
             ... on level 6 of the Dungeon.
             The game lasted 00:05:22 (8642 turns).

kae the Firebug (Tengu Fire Elementalist)           Turns: 8642, Time: 00:05:23

Health: 0/52       AC:  8    Str: 10    XL:     9   Next: 3%
Magic:  8/16       EV: 16    Int: 19    God:    Sif Muna [......]
Gold:   419        SH:  3    Dex: 14    Spells: 4/17 levels left

rFire   . . .      SeeInvis .   (no weapon)
rCold   . . .      Faith    .   A - +0 buckler
rNeg    . . .      Spirit   .   a - +0 robe
rPois   +          Reflect  .   (helmet restricted)
rElec   .          Harm     .   e - +0 cloak
rCorr   .          Rampage  .   l - +0 pair of gloves
Will    .....                   (boots unavailable)
Stlth   ++........              (no amulet)
HPRegen 0.17/turn               n - ring of poison resistance
MPRegen 0.15/turn               j - +4 ring of protection

@: flying quickly and evasively, quick
A: beak, talons 3, nimble flight
a: Renounce Religion


You were on level 6 of the Dungeon.
You worshipped Sif Muna.
Sif Muna was noncommittal.
You visited 2 branches of the dungeon, and saw 7 of its levels.
You also visited: Sewer.

You collected 419 gold pieces.

Inventory:

Armour
 a - a +0 robe (worn)
 e - a +0 cloak (worn)
 l - a +0 pair of gloves (worn)
 A - a +0 buckler (worn)
Jewellery
 j - a +4 ring of protection (right hand)
 n - a ring of poison resistance (left hand)
 p - a ring of flight
 y - an amulet of regeneration
Wands
 v - a wand of polymorph (7)
Scrolls
 c - 2 scrolls of teleportation
 f - 2 scrolls of summoning
 k - 2 scrolls of amnesia
 q - a scroll of fog
 x - a scroll of blinking
Potions
 b - a potion of magic
 d - 4 potions of cancellation
 g - a potion of flight
 h - 3 potions of might
 i - 3 potions of curing
 m - 4 potions of mutation
 o - a potion of brilliance
 r - a potion of lignification
 s - a potion of attraction
 t - a potion of berserk rage {unknown}
 w - a potion of haste
 z - a potion of heal wounds {unknown}


   Skills:
 + Level 4.3 Fighting
 + Level 4.7 Armour
 + Level 5.4 Dodging
 - Level 2.0 Stealth
 + Level 0.7 Shields
 + Level 4.5 Spellcasting
 + Level 5.7 Conjurations
 + Level 6.0 Fire Magic


You had 4 spell levels left.
You knew the following spells:

 Your Spells              Type           Power      Damage    Failure   Level
a - Foxfire               Conj/Fire      100%       2x1d9     1%          1
b - Scorch                Fire           54%        2d8       2%          2
c - Conjure Flame         Conj/Fire      26%        6-21      4%          3
d - Inner Flame           Hex/Fire       15%        N/A       16%         3
e - Flame Wave            Conj/Fire      26%        2d7       16%         4

Your spell library contained the following spells:

 Spells                   Type           Power      Damage    Failure   Level
 Stone Arrow              Conj/Erth      30%        3d8       16%         3
 Sticky Flame             Conj/Fire      26%        2d5       16%         4
 Animate Skeleton         Necr           8%         N/A       19%         1
 Pain                     Necr           16%        1d4       19%         1
 Sandblast                Erth           8%         2d5       19%         1
 Ignite Poison            Fire/Tmut/Pois 11%        N/A       24%         3
 Passwall                 Tmut/Erth      3%         N/A       26%         2
 Sublimation of Blood     Necr           4%         N/A       26%         2
 Wereblood                Tmut           4%         N/A       26%         2
 Vampiric Draining        Necr           4%         2d6       47%         3
 Petrify                  Tmut/Erth      4%         N/A       87%         4
 Irradiate                Conj/Tmut      7%         3d15      83%         5
 Summon Hydra             Summ           2%         N/A       100%        7


Dungeon Overview and Level Annotations

Branches:
Dungeon (6/15)             Temple (1/1) D:6           Sewer (visited)

Altars:
Cheibriados
Dithmenos
Elyvilon
Fedhas
Gozag
Hepliaklqana
Kikubaaqudgha
Makhleb
Nemelex Xobeh
Okawaru
Qazlal
Ru
Sif Muna
Trog
Uskayaw
Vehumet
Wu Jian
Xom
Yredelemnul
Zin


Innate Abilities, Weirdness & Mutations

You have a beak for a mouth.
You have claws for feet.
Your magical nature lets you fly swiftly and evasively.


Message History

You hit the orc.
You kill the orc!
Sif Muna accepts your kill.
The centaur shoots an arrow.
The arrow hits you.
The centaur shoots an arrow.
The arrow hits you!
The centaur unwields a +0 shortbow.
The centaur wields a +0 mace.
The centaur closely misses you. x2
A hornet comes into view.
Items here: ) [ ††.
Casting: Scorch (safe; 2% risk of failure)
Confirm with . or Enter, or press ? or * to list all spells.
Flames lash the centaur.
The centaur is moderately wounded.
The centaur's fire resistance burns away.
The centaur closely misses you. The centaur misses you.
The centaur hits you with a +0 mace. The centaur misses you.
The centaur hits you with a +0 mace. The centaur kicks you.
Casting: Scorch (safe; 2% risk of failure)
Confirm with . or Enter, or press ? or * to list all spells.
Flames lash the hornet.
The hornet is moderately wounded.
The hornet's fire resistance burns away.
The centaur hits you with a +0 mace!
* * * LOW HITPOINT WARNING * * *
The centaur closely misses you. The centaur misses you.
You block the centaur's attack. The hornet barely misses you.
An ufetubus comes into view.
The centaur hits you with a +0 mace!
* * * LOW HITPOINT WARNING * * *
The centaur kicks you but does no damage.
The hornet barely misses you.
Casting: Scorch (safe; 2% risk of failure)
Confirm with . or Enter, or press ? or * to list all spells.
Flames lash the ufetubus.
The ufetubus is burned terribly!
You kill the ufetubus!
Sif Muna accepts your kill.
The centaur is no longer more vulnerable to fire.
The centaur hits you with a +0 mace.
You die...

######.####.....
#...............
#.###.##############
#...#.# #.#.#.#
#...#.# #.#.#.#
#.yc#.# #.#@#.#
#...#.# #.###.#
#.....# #######


You could see a hornet (combustible) and a centaur.

Vanquished Creatures
  Sigmund (D:4)
  Edmund (D:4)
  2 water moccasins (D:5)
  An ice beast (D:5)
  A sky beast (D:5)
  An ogre (D:5)
  Blork the orc (D:4)
  2 necrophages
  2 scorpions
  A howler monkey (D:6)
  3 hounds
  5 orc priests
  An orc wizard (D:5)
  3 gnolls (D:4)
  8 adders
  6 river rats
  A shadow imp (D:5)
  2 ufetubi
  4 worms
  5 dart slugs
  7 orcs
  12 ball pythons
  9 endoplasms
  6 giant cockroaches
  6 goblins
  14 hobgoblins
  9 jackals
  6 quokkas
  6 bats
  6 frilled lizards
  5 kobolds
  11 rats
148 creatures vanquished.

Vanquished Creatures (collateral kills)
  Jessica (D:2)
  7 foxfires (Sewer)
8 creatures vanquished.

Vanquished Creatures (others)
  434 foxfires
  9 fungi (D:6)
  4 plants (Sewer)
447 creatures vanquished.

Grand Total: 603 creatures vanquished

Notes
Turn   | Place    | Note
-------+----------+-------------------------------------------
     0 | D:1      | kae the Tengu Fire Elementalist began the quest for the
                  | Orb.
     0 | D:1      | Reached XP level 1. HP: 10/10 MP: 4/4
   241 | D:1      | Reached XP level 2. HP: 15/15 MP: 3/6
   721 | D:1      | Reached skill level 1 in Armour
   875 | D:1      | Reached XP level 3. HP: 12/20 MP: 4/7
   878 | D:1      | Learned a level 2 spell: Scorch
  1009 | D:1      | Learned a level 3 spell: Conjure Flame
  1624 | D:2      | Found a faded altar of an unknown god.
  1735 | D:1      | Reached skill level 1 in Fighting
  1944 | D:2      | Reached XP level 4. HP: 25/25 MP: 3/8
  1964 | D:2      | Noticed Jessica
  1969 | D:2      | Killed Jessica
  2902 | D:3      | Gained mutation: Your magical nature lets you fly swiftly
                  | and evasively. [Tengu growth]
  2902 | D:3      | Reached XP level 5. HP: 29/29 MP: 3/10
  3164 | D:3      | Found a glowing drain.
  3275 | Sewer    | Entered a sewer
  3386 | Sewer    | Reached skill level 4 in Fire Magic
  3834 | Sewer    | Reached XP level 6. HP: 35/35 MP: 9/11
  4204 | D:3      | Learned a level 3 spell: Inner Flame
  4371 | D:3      | Identified the +1 ring mail of the Blizzard {rC+ Dex+3}
  5263 | D:4      | Noticed Edmund
  5356 | D:4      | Killed Edmund
  5491 | D:4      | Noticed Sigmund
  5510 | D:4      | Killed Sigmund
  5511 | D:4      | Reached XP level 7. HP: 40/40 MP: 5/13
  6164 | D:4      | Noticed Blork the orc
  6172 | D:4      | Killed Blork the orc
  6310 | D:5      | Entered Level 5 of the Dungeon
  6757 | D:5      | Reached skill level 5 in Fire Magic
  6757 | D:5      | Reached XP level 8. HP: 46/46 MP: 7/14
  7075 | D:5      | Reached skill level 5 in Conjurations
  7320 | D:5      | Reached skill level 5 in Dodging
  8001 | D:6      | Learned a level 4 spell: Flame Wave
  8021 | D:6      | Found a staircase to the Ecumenical Temple.
  8105 | D:6      | Reached skill level 6 in Fire Magic
  8105 | D:6      | Reached XP level 9. HP: 52/52 MP: 5/16
  8113 | Temple   | Entered the Ecumenical Temple
  8515 | Temple   | Became a worshipper of Sif Muna the Loreminder
  8637 | D:6      | Noticed a hornet
  8641 | D:6      | HP: 2/52 [centaur/+0 mace (8)]
  8642 | D:6      | Slain by a centaur

Illustrated notes

Levels and vault maps discovered:
D:1:      grunt_arrival_lava_bath, layout_loops_ring, minmay_tromino_v4_b
D:2:      layout_rooms, nicolae_ecumenical_oubliette, uniq_jessica
D:3:      layout_basic, gup_sewer_entry_bubbles
D:4:      layout_loops_ring, uniq_sigmund, uniq_edmund, uniq_blork_the_orc
D:5:      layout_loops_cross, dreamdust_wishing_well
D:6:      layout_basic, minmay_temple_entry_offerings, serial_aquarium,
          aquarium_bridge_long_separate [aquarium_subvault_bridge,
          aquarium_subvault_bridge, aquarium_subvault_balcony,
          aquarium_subvault_window, aquarium_subvault_wall,
          aquarium_subvault_bridge], aquarium_bridge_straight
          [aquarium_subvault_bridge, aquarium_subvault_wall,
          aquarium_subvault_bridge, aquarium_subvault_balcony],
          aquarium_window_fake, aquarium_window_fake, aquarium_window_2,
          aquarium_view_2e, aquarium_view_2d, aquarium_balcony_5b,
          hangedman_minor_gate_pass
Temple:   mainiacjoe_temple_cubbyholes

Skill      XL: |  1  2  3  4  5  6  7  8 |
---------------+-------------------------+-----
Armour         | 1 2 3 4 |  4.7
Fighting       | 1 2 3 4 |  4.3
Conjurations   | 2 3 4 5 |  5.7
Dodging        | 3 4 5 |  5.4
Fire Magic     | 4 5 6 |  6.0
Spellcasting   | 3 4 |  4.5
Stealth        | |  2.0
Shields        | |  0.7

Action                   |  1- 3 |  4- 6 |  7- 9 || total
-------------------------+-------+-------+-------++-------
Melee: Unarmed           |    20 |    27 |    22 ||    69
       Kick              |     6 |     9 |     9 ||    24
       Peck              |     2 |     1 |     5 ||     8
 Cast: Foxfire           |    70 |   129 |    66 ||   265
       Scorch            |       |    16 |    48 ||    64
       Conjure Flame     |       |     1 |     3 ||     4
  Use: Scroll            |     1 |    10 |     6 ||    17
       Potion            |       |     1 |       ||     1
Armor: Robe              |    15 |    15 |    17 ||    47
       Skin              |       |     3 |       ||     3
Dodge: Dodged            |    36 |    57 |    59 ||   152
Block: Buckler           |       |       |     4 ||     4

Table legend: (Time is in decaauts)
 A = Elapsed time spent in this place.
 B = Non-inter-level travel time spent in this place.
 C = Inter-level travel time spent in this place.
 D = Time resting spent in this place.
 E = Time spent auto-exploring this place.
 F = Levels seen in this place.
 G = Mean time per level.
                   A        B        C        D        E       F      G
               +--------+--------+--------+--------+--------+-----+--------+
         Total |   8362 |   8022 |    340 |    769 |   5967 |   8 | 1045.2 |
       Dungeon |   7125 |   6846 |    279 |    641 |   5034 |   6 | 1187.5 |
        Temple |    398 |    338 |     60 |      0 |    334 |   1 |  398.0 |
         Sewer |    839 |    839 |      0 |    128 |    598 |   1 |  839.0 |
               +--------+--------+--------+--------+--------+-----+--------+

Top non-repeatable levels by time:
     D:1: 1716 daAuts
     D:5: 1538 daAuts
     D:4: 1343 daAuts
     D:3: 1315 daAuts
     D:2: 991 daAuts
   Sewer: 839 daAuts
  Temple: 398 daAuts
     D:6: 220 daAuts
